Nobbs, chaotic male elven Wizard ---------- ---------- ------ |........| ----- ##.........| |....| |........| |...| ---------- # |........| #-....| |........-#######-...| |........|### |........| ###|....|####.........| ###|...| |...<....|# |........| # |....|# ------|--- ###....| |........|# |........| ### |....|# ### |...| |..*.....|# -.-------- # ----|-# # |...| -|--.-----# ###### ### #(##### ### ----- ## ## # # A # # # # # ### # ### ### ### #### ### #### # @ # # # # # ------.---------# Y# ### ### ## # |..............|# ### # ----.---# |..............-#` -- ----.---### |.......# |..............| # |.........|# |......| |..............+ |.........-# |..>...| ---------------- |.........| -------- ----------- Nobbs the Thaumaturge Experience level: 6 Strength: 10 Dexterity: 15 Constitution: 16 Intelligence: 20 Wisdom: 11 Charisma: 12 Health: 0(35) Energy: 9(59) Def: 2 Gold: 1681 Moves: 5665 Dungeon seed: S7zIPHk6cKX0ovek Game ID: Nobbs_1509484292 Your Inventory: Coins $ - 1681 gold pieces Wands b - a wand of cancellation (0:7) w - a wand of polymorph (0:3) x - a wand of secret door detection (0:13) J - a wand of magic missile (0:4) R - a cursed wand of striking (0:5) S - a wand of sleep (0:5) W - a blessed wand of make invisible (0:4) Weapons a - a blessed +1 quarterstaff (weapon in hands) Armor e - an uncursed +0 cloak of magic resistance (being worn) y - an uncursed +0 pair of leather gloves (being worn) Comestibles P - a cursed lembas wafer Z - an uncursed tripe ration Scrolls h - 2 uncursed scrolls of magic mapping i - a blessed scroll of food detection j - 3 uncursed scrolls of light k - a cursed scroll of create monster o - a cursed scroll of confuse monster p - an uncursed scroll of taming r - a cursed scroll of charging t - an uncursed scroll of enchant armor C - 4 uncursed scrolls of teleportation D - a blessed scroll of fire F - 2 uncursed scrolls of earth O - an uncursed scroll of destroy armor X - 2 uncursed scrolls of enchant weapon Spellbooks l - an uncursed spellbook of magic missile K - an uncursed spellbook of cure sickness L - a cursed spellbook of knock Q - a blessed spellbook of identify Potions f - 2 uncursed potions of extra healing s - 2 uncursed potions of see invisible u - an uncursed potion of booze v - a blessed potion of sickness z - an uncursed potion of water A - a cursed potion of monster detection B - an uncursed potion of gain energy E - a cursed potion of paralysis G - a cursed potion of healing H - an uncursed potion of levitation I - a cursed potion of blindness V - an uncursed potion of healing Rings c - an uncursed ring of warning d - an uncursed ring of searching N - a cursed ring of cold resistance Tools m - a magic marker (0:20) n - an uncursed blindfold T - an uncursed magic lamp U - an uncursed magic whistle Y - an uncursed lock pick Spells and supernatural/magical abilities: Name Level Category Fail Memory a - force bolt 1 attack 0% 72% i - invisibility 4 escape 89% 87% m - magic missile 2 attack 0% 72% z - sleep 1 enchantment 0% 82% I - identify 3 divination 63% 93% K - cure sickness 3 healing 63% 92% S - stone to flesh 3 healing 63% 79% W - pray for help -- divine ? -- Your skills at the end: Fighting Skills Weapon Skills quarterstaff [Basic] Spellcasting Skills attack spells [Basic] enchantment spells [Basic] Final Attributes: You were piously aligned. You were sleep resistant. You were magic-protected. You were telepathic. You had infravision. You are dead. Vanquished creatures: a ghost a small mimic 2 leprechauns a gnome king a dwarf lord a dust vortex a raven a soldier ant 2 wood nymphs a water nymph an orc shaman 2 ponies 8 gnome lords a gnomish wizard a kobold mummy a red naga hatchling a black naga hatchling 2 elf zombies a paper golem 2 giant ants 3 little dogs 3 floating eyes 3 kittens 9 dwarves a kobold lord 12 hill orcs 3 rothes a centipede 5 dwarf zombies a wererat 2 iguanas an acid blob 2 coyotes 2 hobbits a hobgoblin a giant rat a yellow mold 24 gnomes a gnome zombie 4 geckos 4 jackals 2 foxes 3 kobolds 3 goblins 4 sewer rats 2 grid bugs 2 bats 5 lichens a kobold zombie 5 newts 143 creatures vanquished. Voluntary challenges: You had been an atheist until turn 2308. You used a wielded weapon 78 times, starting on turn 36. You read items or engraved 87 times, starting on turn 1080. You never genocided any monsters. You never polymorphed an object. You never changed form. You used no wishes. You never split a pudding. You wrote Elbereth's name 33 times, starting on turn 1080. You never violated your personal moral code. Dungeon overview: The Dungeons of Doom: levels 1 to 11 Level 1 some fountains a long staircase Level 2 Level 3 a general store Level 4 a scroll shop stairs to The Gnomish Mines Level 5 a general store, a fountain Level 6 Level 7 many fountains Level 8 stairs to Sokoban Level 9 a general store Level 10 <- You were here Level 11 The Gnomish Mines: levels 5 to 7 Level 5 stairs to The Dungeons of Doom Level 6 Level 7 some shops, a temple to Ptah, some fountains Sokoban: Level 7 stairs to The Dungeons of Doom History has recorded: On T:1 you entered the Dungeons of Doom to retrieve the Amulet of Yendor! On T:270 you advanced to experience level 2. On T:363 you reached level 2 of The Dungeons of Doom. On T:402 you reached level 3 of The Dungeons of Doom. On T:790 you reached level 4 of The Dungeons of Doom. On T:1083 you advanced to experience level 3. On T:1098 you reached level 5 of The Dungeons of Doom. On T:1127 you reached level 6 of The Dungeons of Doom. On T:1249 you advanced to experience level 4. On T:1521 you advanced to experience level 5. On T:2164 you reached level 1 of The Gnomish Mines. On T:2256 you advanced to experience level 6. On T:2293 you reached level 2 of The Gnomish Mines. On T:2603 you reached level 3 of The Gnomish Mines. On T:3809 you reached level 7 of The Dungeons of Doom. On T:4323 you reached level 8 of The Dungeons of Doom. On T:4476 you reached level 4 of Sokoban. On T:4944 you reached level 9 of The Dungeons of Doom. On T:5023 you reached level 10 of The Dungeons of Doom. On T:5359 you reached level 11 of The Dungeons of Doom. Score breakdown: Gold: 1681 (10973 points) Experience: 6 levels (12456 points) Exploration: 11 levels ( 24.44%) (14301 points) Discoveries: 46 items ( 16.49%) (12181 points) Valuables value: (no points given unless you survive) Artifact value: 0 ( 0 points) Variety of kills: 50 monsters ( 13.12%) (10867 points) Turncount: 5665 turns (-1539 points) Survival: died (score multiplied by 80%) Total score: 47391 Latest messages: You have a little trouble lifting P - 2 lembas wafers. You have a little trouble lifting R - a runed wand. You fail to cast the spell correctly. R - a cursed wand of striking (0:5). I - a cursed potion of blindness. You are beginning to feel hungry. Blecch! Rotten food! You finish eating the lembas wafer. You have a little trouble lifting C - 3 uncursed scrolls of teleportation. Fiffy moves only reluctantly. You hear some noises in the distance. The yeti hits! (2x) The yeti bites! The yeti hits! You die... Final status: Goodbye Nobbs the Wizard, killed by a yeti... You died in The Dungeons of Doom on dungeon level 10 with 47391 points, and 1681 pieces of gold, after 5665 moves. You were level 6 with a maximum of 35 hit points when you died.